 Dungeon Crawl Stone Soup version 0.30-a0-374-g95c0257040 (webtiles) character file.

Game seed: 6001933153621559894

2356 pokeman the Thaumaturge (level 9, -1/49 HPs)
             Began as a Deep Elf Hedge Wizard on Nov 26, 2022.
             Slain by a water moccasin (4 damage)
             ... on level 7 of the Dungeon.
             The game lasted 00:17:47 (8324 turns).

pokeman the Thaumaturge (Deep Elf Hedge Wizard)     Turns: 8324, Time: 00:17:48

Health: -1/49      AC: 10    Str:  7    XL:     9   Next: 20%
Magic:  20/26      EV: 12    Int: 24    God:
Gold:   364        SH:  0    Dex: 18    Spells: 22/30 levels left

rFire   . . .      SeeInvis .    E - +2 long sword (vorpal)
rCold   . . .      Faith    .    (no shield)
rNeg    + . .      Spirit   .    z - +2 leather armour of Vampiric Thralls {Regen+ Dex+4}
rPois   .          Reflect  .    c - +0 hat
rElec   .          Harm     .    l - +2 cloak
rCorr   .          Rampage  .    j - +0 pair of gloves
Will    .....                    b - +0 pair of boots
Stlth   ++........               (no amulet)
HPRegen 1.08/turn                s - ring of positive energy
MPRegen 0.20/turn                P - ring of wizardry

@: lethally poisoned (-1 -> -1)
A: no striking features
a: no special abilities


You were on level 7 of the Dungeon.
You visited 2 branches of the dungeon, and saw 8 of its levels.

You collected 436 gold pieces.
You spent 72 gold pieces at shops.

Inventory:

Hand Weapons
 t - a +3 quarterstaff of chaos
 E - a +2 vorpal long sword (weapon)
Missiles
 u - 3 throwing nets
 O - a curare-tipped dart
Armour
 b - a +0 pair of boots (worn)
 c - a +0 hat (worn)
 j - a +0 pair of gloves (worn)
 l - a +2 cloak (worn)
 n - a scarf of harm
 z - the +2 leather armour of Vampiric Thralls (worn) {Regen+ Dex+4}
   (You found it on level 3 of the Dungeon)

   Dex:       It affects your dexterity (+4).
   Regen:     It increases your rate of health regeneration.
 C - a +0 buckler
Magical Staves
 A - a staff of death
Jewellery
 g - a ring of ice
 s - a ring of positive energy (left hand)
 P - a ring of wizardry (right hand)
Wands
 D - a wand of mindburst (7)
 L - a wand of polymorph (8)
Scrolls
 f - 4 scrolls of blinking
 h - 2 scrolls of summoning {unknown}
 i - 2 scrolls of immolation {unknown}
 k - 2 scrolls of noise {unknown}
 p - 2 scrolls of enchant armour {unknown}
 r - 3 scrolls of magic mapping {unknown}
 v - 7 scrolls of identify {unknown}
 w - a scroll of teleportation {unknown}
 y - a scroll of poison {unknown}
 B - a scroll of fog {unknown}
 F - a scroll of enchant weapon {unknown}
 H - 2 scrolls of amnesia {unknown}
 J - a scroll of vulnerability {unknown}
 Q - a scroll of brand weapon {unknown}
Potions
 a - 2 potions of resistance {unknown}
 d - a potion of magic
 e - 5 potions of curing
 m - 2 potions of heal wounds {unknown}
 o - a potion of attraction {unknown}
 q - a potion of brilliance
 x - a potion of flight {unknown}
 G - 2 potions of degeneration {unknown}
 I - a potion of cancellation {unknown}
 K - a potion of invisibility {unknown}
 M - 2 potions of lignification {unknown}
 N - a potion of mutation {unknown}
 R - a potion of ambrosia {unknown}
 S - a potion of berserk rage {unknown}


   Skills:
 + Level 2.5 Fighting
 - Level 2.0 Armour
 - Level 3.2 Dodging
 - Level 3.0 Stealth
 - Level 2.0 Shields
 * Level 11.1 Spellcasting
 + Level 6.0 Conjurations
 - Level 1.1 Summonings
 + Level 5.4 Necromancy
 - Level 1.1 Translocations
 - Level 1.0 Air Magic
 - Level 1.0 Poison Magic
 - Level 1.2 Evocations


You had 22 spell levels left.
You knew the following spells:

 Your Spells              Type           Power      Damage    Failure   Level
a - Magic Dart            Conj           100%       1d8       1%          1
b - Mephitic Cloud        Conj/Pois/Air  26%        N/A       2%          3
c - Call Imp              Summ           18%        N/A       2%          2
d - Blink                 Tloc           36%        N/A       2%          2

Your spell library contained the following spells:

 Spells                   Type           Power      Damage    Failure   Level
 Cigotuvi's Dreadful Rot  Necr/Pois/Air  50%        N/A       1%          2
 Sublimation of Blood     Necr           39%        N/A       1%          2
 Slow                     Hex            52%        N/A       2%          1
 Call Canine Familiar     Summ           18%        N/A       5%          3
 Portal Projectile        Hex/Tloc       30%        N/A       7%          3
 Summon Ice Beast         Ice/Summ       15%        N/A       22%         4
 Irradiate                Conj/Tmut      13%        3d16      22%         5
 Leda's Liquefaction      Hex/Erth       6%         N/A       26%         4
 Petrify                  Tmut/Erth      13%        N/A       26%         4
 Summon Mana Viper        Hex/Summ       15%        N/A       50%         5
 Monstrous Menagerie      Summ           9%         N/A       100%        7


Dungeon Overview and Level Annotations

Branches:
Dungeon (7/15)             Temple (1/1) D:6

Altars:
Cheibriados
Dithmenos
Elyvilon
Gozag
Makhleb
Nemelex Xobeh
Qazlal
Sif Muna
Trog
Uskayaw
Xom
Yredelemnul
Zin
Lugonu

Shops:
D:5 !

Annotations:
D:4 3 runed translucent doors, DeathPants's ghost, amateur MiGl
D:5 1 runed translucent door, Muataran's ghost, amateur TrMo
D:7 Joseph


Message History

* * * LOW HITPOINT WARNING * * *
Casting: Magic Dart (safe; 1% risk of failure)
Confirm with . or Enter, or press ? or * to list all spells.
Aiming: Magic Dart (safe; 1% risk of failure)
Press: ? - help, Shift-Dir - straight line, f/p - water moccasin
Aim: a water moccasin (lightly wounded, 100% to hit)
The magic dart hits the water moccasin.
The water moccasin is moderately wounded.
You feel sick. The water moccasin closely misses you.
The gnoll bouda hits your iron imp with a +0 club!
Your iron imp dies!
Your iron imp disappears in a puff of smoke!
Casting: Magic Dart (safe; 1% risk of failure)
Confirm with . or Enter, or press ? or * to list all spells.
Aiming: Magic Dart (safe; 1% risk of failure)
Press: ? - help, Shift-Dir - straight line, f/p - water moccasin
Aim: a water moccasin (moderately wounded, 100% to hit)
The magic dart hits the water moccasin.
The water moccasin is heavily wounded.
You feel sick.
The water moccasin bites you but does no damage. x2
Casting: Magic Dart (safe; 1% risk of failure)
Confirm with . or Enter, or press ? or * to list all spells.
Aiming: Magic Dart (safe; 1% risk of failure)
Press: ? - help, Shift-Dir - straight line, f/p - water moccasin
Aim: a water moccasin (heavily wounded, 100% to hit)
The magic dart hits the water moccasin.
The water moccasin is severely wounded.
You feel sick. The water moccasin barely misses you.
Unknown command.
Casting: Magic Dart (safe; 1% risk of failure)
Confirm with . or Enter, or press ? or * to list all spells.
Aiming: Magic Dart (safe; 1% risk of failure)
Press: ? - help, Shift-Dir - straight line, f/p - water moccasin
Aim: a water moccasin (severely wounded, 100% to hit)
The magic dart hits the water moccasin!
The water moccasin is almost dead.
The shadow imp shouts, "Despair, thou impertinent two-tin-hat joithead!"
You feel sick. The water moccasin bites you.
You die...

#............#
#.#.#.#c###..#
..on........(#
h........#...# #
##O...##.#...# #.
......?..#...# ..
#.....#.....5### .#
#.#.#?#[.##z.ng###..#
......#......#oS@..>#
...#.....#...#####..#
...#.###.#...# .#
...#.....#...# #
..)...#......#
##....#.###..#
##.O.#......#
##.....# #.....#


You could see a water moccasin, a necrophage, a gnoll bouda, a wight, a shadow
imp and an orc.

Vanquished Creatures
  Grinder (D:6)
  A water moccasin (D:5)
  2 sky beasts (D:6)
  A black bear (D:4)
  An ogre (D:6)
  2 centaurs (D:6)
  2 phantoms
  Blork the orc (D:6)
  A kobold brigand (D:6)
  A necrophage (D:6)
  A gnoll sergeant (D:6)
  A bullfrog (D:7)
  2 scorpions (D:5)
  6 hounds
  Crazy Yiuf (D:3)
  An orc priest (D:4)
  2 jellies
  Jessica (D:3)
  A gnoll bouda (D:5)
  6 iguanas
  5 orc wizards
  13 gnolls
  10 adders
  A shadow imp (D:5)
  A white imp (D:6)
  A worm (D:2)
  3 dart slugs
  13 orcs
  6 ball pythons
  6 endoplasms
  6 giant cockroaches
  7 goblins
  10 hobgoblins
  4 jackals (D:3)
  2 quokkas
  2 bats
  2 frilled lizards
  9 kobolds
  6 rats
142 creatures vanquished.

Vanquished Creatures (collateral kills)
  A gnoll (D:2)
1 creature vanquished.

Grand Total: 143 creatures vanquished

Notes
Turn   | Place    | Note
-------+----------+-------------------------------------------
     0 | D:1      | pokeman the Deep Elf Hedge Wizard began the quest for the
                  | Orb.
     0 | D:1      | Reached XP level 1. HP: 10/10 MP: 7/7
   133 | D:1      | You fall into a shaft and drop 1 floor!
   374 | D:1      | Reached XP level 2. HP: 15/15 MP: 6/9
  1256 | D:2      | Reached skill level 5 in Spellcasting
  1446 | D:2      | Reached XP level 3. HP: 20/20 MP: 3/11
  1499 | D:1      | Learned a level 3 spell: Mephitic Cloud
  1502 | D:1      | Learned a level 2 spell: Call Imp
  1505 | D:1      | Learned a level 2 spell: Blink
  1756 | D:2      | Reached skill level 1 in Fighting
  1756 | D:2      | Reached skill level 1 in Armour
  2517 | D:2      | Reached XP level 4. HP: 25/25 MP: 7/13
  2944 | D:3      | Found a runed translucent door.
  2945 | D:3      | Noticed Crazy Yiuf
  3115 | D:3      | Noticed Jessica
  3123 | D:3      | Killed Jessica
  3307 | D:3      | Identified the +2 leather armour of Vampiric Thralls
                  | {Regen+ Dex+4}
  3623 | D:3      | Reached skill level 6 in Spellcasting
  3623 | D:3      | Reached XP level 5. HP: 29/29 MP: 7/15
  3740 | D:3      | Killed Crazy Yiuf
  3958 | D:4      | Reached skill level 1 in Poison Magic
  4109 | D:4      | Noticed a black bear
  4133 | D:4      | Killed a black bear
  4134 | D:4      | Reached skill level 1 in Evocations
  4134 | D:4      | Reached XP level 6. HP: 18/34 MP: 1/17
  4213 | D:4      | Reached skill level 1 in Air Magic
  4305 | D:4      | Found a stormy altar of Qazlal.
  4404 | D:4      | Found a runed translucent gate.
  4404 | D:4      | Found a runed translucent gate.
  4404 | D:4      | Found a runed translucent gate.
  4410 | D:4      | Found a basalt altar of Yredelemnul.
  4519 | D:4      | Noticed an ice beast
  4519 | D:4      | Noticed an ice beast
  4520 | D:4      | Noticed DeathPants's ghost (amateur MiGl)
  4536 | D:4      | Reached skill level 7 in Spellcasting
  4779 | D:4      | Reached skill level 1 in Necromancy
  5358 | D:5      | Entered Level 5 of the Dungeon
  5393 | D:5      | Reached skill level 1 in Shields
  5396 | D:5      | Reached XP level 7. HP: 38/38 MP: 7/20
  5399 | D:5      | Found Koliypn's Distillery.
  5576 | D:5      | Bought a potion of curing for 36 gold pieces
  5576 | D:5      | Bought a potion of curing for 36 gold pieces
  5728 | D:5      | Reached skill level 8 in Spellcasting
  5977 | D:5      | Noticed Muataran's ghost (amateur TrMo)
  5982 | D:5      | Found a runed translucent door.
  6174 | D:5      | Reached XP level 8. HP: 43/43 MP: 19/22
  6480 | D:6      | Noticed Blork the orc
  6496 | D:6      | Killed Blork the orc
  6497 | D:6      | Reached skill level 9 in Spellcasting
  6602 | D:6      | Found a staircase to the Ecumenical Temple.
  6630 | Temple   | Entered the Ecumenical Temple
  6869 | D:6      | Reached skill level 5 in Conjurations
  7046 | D:6      | Found an opulent altar of Gozag.
  7074 | D:6      | Found a glowing silver altar of Zin.
  7242 | D:6      | Reached skill level 10 in Spellcasting
  7513 | D:6      | Noticed Grinder
  7755 | D:6      | Killed Grinder
  7830 | D:6      | Reached skill level 5 in Necromancy
  7830 | D:6      | Reached XP level 9. HP: 48/48 MP: 16/25
  8099 | D:7      | Reached skill level 11 in Spellcasting
  8103 | D:7      | Noticed a two-headed ogre
  8257 | D:7      | Noticed a purple ugly thing
  8301 | D:7      | Noticed Joseph
  8324 | D:7      | Slain by a water moccasin

Illustrated notes

Levels and vault maps discovered:
D:1:      evilmike_arrival_hilbert_curve, layout_basic, nicolae_eternal_life
D:2:      layout_basic, hangedman_decor_diamond_cutter
D:3:      layout_loops_ring, grunt_ministairs_3, uniq_jessica,
          uniq_crazy_yiuf_cottage
D:4:      layout_loops_corners, nicolae_qazlal_scattered_showers,
          lemuel_crystal_altar, gammafunk_ghost_icy
D:5:      layout_basic, serial_shops, shop_statue,
          hellmonk_ghost_happy_afterlife, kennysheep_generic_room_7
D:6:      minmay_bubble_buster, layout_basic, mainiacjoe_overflow_alcove_1,
          zin_treasury, minmay_temple_entry_overgrown, uniq_blork_the_orc,
          uniq_grinder
D:7:      hangedman_cross_stitches, layout_loops_ring, serial_shops,
          kennysheep_mini, lightli_ossuary_entry_decrepit_ruins, uniq_joseph
Temple:   kb_corrupted_temple

Skill      XL: |  1  2  3  4  5  6  7  8  9 |
---------------+----------------------------+-----
Spellcasting   | 5 6 7 8 10 11 | 11.1
Fighting       | 1 2 |  2.5
Armour         | 1 2 |  2.0
Conjurations   | 2 3 4 5 6 |  6.0
Stealth        | 3 |  3.0
Dodging        | 3 |  3.2
Poison Magic   | 1 |  1.0
Evocations     | 1 |  1.2
Air Magic      | 1 |  1.0
Necromancy     | 1 3 5 |  5.4
Shields        | 1 2 |  2.0
Summonings     | |  1.1
Translocations | |  1.1

Action                   |  1- 3 |  4- 6 |  7- 9 || total
-------------------------+-------+-------+-------++-------
Melee: Dagger            |     5 |       |       ||     5
       Morningstar       |       |    63 |       ||    63
       Long sword        |       |    10 |    98 ||   108
       Punch             |       |       |     3 ||     3
 Cast: Magic Dart        |   103 |   109 |   167 ||   379
       Call Imp          |     2 |     3 |     4 ||     9
       Mephitic Cloud    |     1 |     9 |    21 ||    31
       Blink             |       |     1 |     2 ||     3
  Use: Scroll            |       |       |     1 ||     1
       Potion            |       |       |     1 ||     1
 Stab: Confused          |       |     3 |    14 ||    17
       Sleeping          |       |     1 |     1 ||     2
Armor: Leather armour    |     1 |    79 |    76 ||   156
Dodge: Dodged            |    14 |    88 |    80 ||   182

Table legend: (Time is in decaauts)
 A = Elapsed time spent in this place.
 B = Non-inter-level travel time spent in this place.
 C = Inter-level travel time spent in this place.
 D = Time resting spent in this place.
 E = Time spent auto-exploring this place.
 F = Levels seen in this place.
 G = Mean time per level.
                   A        B        C        D        E       F      G
               +--------+--------+--------+--------+--------+-----+--------+
         Total |   8403 |   7971 |    432 |    579 |   5907 |   8 | 1050.4 |
       Dungeon |   8264 |   7851 |    413 |    579 |   5803 |   7 | 1180.6 |
        Temple |    138 |    119 |     19 |      0 |    104 |   1 |  138.0 |
               +--------+--------+--------+--------+--------+-----+--------+

Top non-repeatable levels by time:
     D:6: 1668 daAuts
     D:2: 1591 daAuts
     D:4: 1449 daAuts
     D:3: 1418 daAuts
     D:1: 1048 daAuts
     D:5: 981 daAuts
  Temple: 138 daAuts
     D:7: 107 daAuts
